 Dungeon Crawl Stone Soup version 0.28.0-43-g3370ac3207 (webtiles) character file.

Game seed: 4560075529109792275

892 Peloso the Covered (level 7, -2/61 HPs)
             Began as a Minotaur Fighter on Mar 21, 2022.
             Was a Follower of Okawaru.
             Killed from afar by a gnoll (5 damage)
             ... with a puff of flame
             ... on level 5 of the Dungeon.
             The game lasted 00:06:12 (4701 turns).

Peloso the Covered (Minotaur Fighter)               Turns: 4701, Time: 00:06:12

Health: -2/61      AC:  7    Str: 20    XL:     7   Next: 78%
Magic:  6/6        EV: 10    Int:  5    God:    Okawaru [*.....]
Gold:   202        SH:  5    Dex: 12    Spells: 6/6 levels left

rFire   . . .      SeeInvis .   a - +0 long sword
rCold   . . .      Faith    .   c - +0 buckler
rNeg    . . .      Spirit   .   b - +0 scale mail
rPois   .          Reflect  .   (helmet restricted)
rElec   .          Harm     .   (no cloak)
rCorr   .          Rampage  .   (no gloves)
Will    .....                   (no boots)
Stlth   ..........              (no amulet)
HPRegen 0.20/turn               (no ring)
MPRegen 0.10/turn               (no ring)

@: no status effects
A: horns 2, retaliatory headbutt
a: Renounce Religion, Heroism


You were on level 5 of the Dungeon.
You worshipped Okawaru.
Okawaru was aware of your devotion.
You visited 2 branches of the dungeon, and saw 6 of its levels.

You collected 202 gold pieces.

Inventory:

Hand Weapons
 a - a +0 long sword (weapon)
Armour
 b - a +0 scale mail (worn)
 c - a +0 buckler (worn)
Jewellery
 e - a +6 ring of intelligence
Scrolls
 g - a scroll of torment
 i - 2 scrolls of magic mapping
 j - a scroll of fog {unknown}
 m - a scroll of identify
 p - a scroll of immolation {unknown}
Potions
 d - a potion of mutation {unknown}
 f - 3 potions of heal wounds {unknown}
 h - a potion of resistance
 k - 3 potions of cancellation
 l - 2 potions of brilliance
 n - 2 potions of lignification {unknown}
 o - a potion of magic {unknown}


   Skills:
 + Level 5.5 Fighting
 + Level 6.3 Long Blades
 + Level 6.9 Armour
 + Level 2.4 Dodging
 + Level 0.6 Stealth
 + Level 5.2 Shields


You had 6 spell levels left.
You didn't know any spells.
Your spell library contained the following spells:

 Spells                   Type           Power      Damage    Failure   Level
 Shock                    Conj/Air       0%         1d3       87%         1
 Swiftness                Air            0%         N/A       99%         3
 Airstrike                Air            0%         N/A       100%        4


Dungeon Overview and Level Annotations

Branches:
Dungeon (5/15)             Temple (1/1) D:4

Altars:
Cheibriados
Fedhas
Gozag
Hepliaklqana
Makhleb
Okawaru
Ru
Sif Muna
Trog
Uskayaw
Vehumet
Wu Jian
Yredelemnul
Zin

Shops:
D:5 [


Innate Abilities, Weirdness & Mutations

You have a pair of horns on your head.
You reflexively headbutt those who attack you in melee.


Message History

The gnoll is almost dead.
The gnoll throws a throwing net.
The throwing net hits you.
You become entangled in the net!
The gnoll barely misses you. x3
Unknown command.
You struggle against the net.
The gnoll hits you from afar with a +0 spear.
The gnoll hits you but does no damage. x2
Unknown command.
You struggle against the net.
The gnoll hits you but does no damage. The gnoll hits you with a +0 spear.
The gnoll closely misses you.
You rip the net and break free!
The gnoll barely misses you. The gnoll hits you but does no damage.
The gnoll barely misses you.
Unknown command.
You hit the gnoll.
You kill the gnoll!
Okawaru accepts your kill. The gnoll hits you but does no damage.
The gnoll barely misses you.
The gnoll hits you from afar with a +0 spear.
Unknown command.
The gnoll hits you with a +0 halberd!
You closely miss the gnoll. You headbutt the gnoll.
The gnoll is heavily wounded.
The gnoll hits you with a +0 halberd!
The gnoll zaps a wand.
The puff of flame hits you.
* * * LOW HITPOINT WARNING * * *
Unknown command.
You slash the gnoll!
You kill the gnoll!
Okawaru accepts your kill.
The gnoll hits you from afar with a +0 spear.
* * * LOW HITPOINT WARNING * * *
Things that are here:
a +0 halberd; a +0 robe; 9 gold pieces The gnoll zaps a wand.
The puff of flame misses you.
The gnoll zaps a wand.
The puff of flame hits you!
* * * LOW HITPOINT WARNING * * *
The gnoll zaps a wand.
The puff of flame hits you.
* * * LOW HITPOINT WARNING * * *
The gnoll zaps a wand.
The puff of flame hits you.
You die...

§§§.$≈......# .....#.....
§≈§≈§.§.##...##......##...#.....
.§§§≈.§.##...##......##...#.....
≈≈≈≈.≈§≈.##....#..... #....'....#
≈.∩≈.≈.≈.......#..... ##...##...#
§.≈≈.≈§≈.......#......##...##....
≈§§.§§§≈.......#.. ..............
≈§≈§≈§§≈..#...##.# ...##.........
.§.....§.##...##@#######.........
≈≈§≈≈≈≈≈.##...........##...##....
.........##...........##...######
.........g......................#
............g.....<.............#
.........##.....###...##........#
##..##...##.....###...##.......##
#..##...##.....#.....##.......#
#..............#..............#


You could see 2 gnolls.

Vanquished Creatures
  Sigmund (D:5)
  A sky beast (D:5)
  2 ogres
  A kobold brigand (D:4)
  A scorpion (D:5)
  A bullfrog skeleton (D:5)
  A hound (D:4)
  An orc priest (D:5)
  An iguana (D:4)
  An orc wizard (D:4)
  6 gnolls
  A howler monkey skeleton (D:5)
  6 adders
  2 worms
  A dart slug (D:1)
  7 orcs
  5 endoplasms
  2 giant cockroaches
  7 goblins
  3 hobgoblins
  7 jackals (D:1)
  14 kobolds
  2 quokkas
  7 ball pythons
  4 bats
  A frilled lizard (D:3)
  4 rats
90 creatures vanquished.

Notes
Turn   | Place    | Note
-------+----------+-------------------------------------------
     0 | D:1      | Peloso the Minotaur Fighter began the quest for the Orb.
     0 | D:1      | Reached XP level 1. HP: 19/19 MP: 0/0
   358 | D:1      | Reached XP level 2. HP: 27/27 MP: 1/1
   454 | D:1      | Found a faded altar of an unknown god.
  1052 | D:2      | Reached XP level 3. HP: 33/33 MP: 2/2
  2239 | D:3      | Noticed an ogre
  2292 | D:3      | Reached XP level 4. HP: 29/40 MP: 3/3
  2553 | D:3      | Killed an ogre
  2554 | D:3      | Reached XP level 5. HP: 47/47 MP: 4/4
  2768 | D:3      | Reached skill level 5 in Armour
  3124 | D:4      | Reached skill level 1 in Dodging
  3132 | D:4      | Reached skill level 5 in Long Blades
  3340 | D:4      | Reached XP level 6. HP: 49/53 MP: 5/5
  3413 | D:4      | Found a staircase to the Ecumenical Temple.
  3427 | Temple   | Entered the Ecumenical Temple
  3725 | Temple   | Became a worshipper of Warmaster Okawaru
  3766 | D:5      | Entered Level 5 of the Dungeon
  4258 | D:5      | Noticed Sigmund
  4279 | D:4      | Reached * piety under Okawaru
  4280 | D:4      | Reached XP level 7. HP: 50/60 MP: 6/6
  4336 | D:5      | Killed Sigmund
  4337 | D:5      | Reached skill level 5 in Fighting
  4337 | D:5      | Reached skill level 5 in Shields
  4652 | D:5      | Found Alodarch's Antique Armour Emporium.
  4699 | D:5      | HP: 3/61 [gnoll/puff of flame (5)]
  4701 | D:5      | Killed from afar by a gnoll

Illustrated notes

Levels and vault maps discovered:
D:1:      tarquinn_simple_flora_water_d, layout_basic, serial_forest,
          infiniplex_forest_clump_curved, infiniplex_forest_clump_small,
          infiniplex_forest_lined_ring, infiniplex_forest_straight_3,
          infiniplex_forest_side_room, infiniplex_forest_straight_4,
          infiniplex_forest_lined_ring, infiniplex_forest_clump_large,
          infiniplex_forest_clump_medium, chequers_ecumenical_altar_island,
          st_stairs_8, minmay_octomino_e4
D:2:      layout_loops_corners, minmay_misc_feat_plants,
          minmay_misc_feat_diagonals
D:3:      layout_rooms, dk_vineyard_1
D:4:      minmay_goblin_kobold_castle, layout_cave_pods,
          minmay_temple_entry_mist
D:5:      layout_gridville, serial_shops, nicolae_inconvenience_store,
          uniq_sigmund
Temple:   mainiacjoe_temple_big_plus

Skill      XL: |  1  2  3  4  5  6  7 |
---------------+----------------------+-----
Shields        | 4 5 |  5.2
Armour         | 4 5 6 |  6.9
Fighting       | 4 5 |  5.5
Long Blades    | 3 4 5 6 |  6.3
Dodging        | 1 2 |  2.4
Stealth        | |  0.6

Action                   |  1- 3 |  4- 6 |  7- 9 || total
-------------------------+-------+-------+-------++-------
Melee: Long sword        |    97 |   117 |    24 ||   238
       Headbutt          |    14 |    23 |     4 ||    41
Invok: Heroism           |       |       |     1 ||     1
  Use: Scroll            |     5 |       |       ||     5
       Potion            |       |     1 |       ||     1
Armor: Scale mail        |    56 |    80 |    13 ||   149
Dodge: Dodged            |    65 |    73 |    21 ||   159
Block: Buckler           |    20 |    42 |     3 ||    65
